 Dungeon Crawl Stone Soup version 0.28-a0-580-ga2639ab843 (webtiles) character file.

Game seed: 17242016201936579872

410 AlleluiaPinecone the Sneak (level 6, -2/32 HPs)
             Began as a Vine Stalker Brigand on Oct 2, 2021.
             Slain by a gnoll (12 damage)
             ... on level 5 of the Dungeon.
             The game lasted 00:07:34 (3532 turns).

AlleluiaPinecone the Sneak (Vine Stalker Brigand)   Turns: 3532, Time: 00:07:35

Health: -2/32      AC:  5    Str: 13    XL:     6   Next: 89%
Magic:  0/7        EV: 12    Int: 11    God:
Gold:   123        SH:  0    Dex: 18    Spells: 5/5 levels left

rFire   + . .      SeeInvis .   a - +2 dagger
rCold   x . .      Faith    .   (no shield)
rNeg    . . .      Spirit   +   b - +0 troll leather armour
rPois   .          Reflect  .   (no helmet)
rElec   .          Harm     .   c - +0 cloak
rCorr   .          Rampage  .   (no gloves)
Will    .....                   (no boots)
Stlth   ++++......              (no amulet)
HPRegen 2.10/turn               i - ring of fire
MPRegen 0.10/turn               (no ring)

@: no status effects
A: fangs 2, regeneration 1, magic shield, antimagic bite, no potion heal 2
a: no special abilities


You were on level 5 of the Dungeon.
You visited 1 branch of the dungeon, and saw 4 of its levels.

You collected 123 gold pieces.

Inventory:

Hand Weapons
 a - a +2 dagger (weapon)
Missiles
 d - 8 poisoned darts
 e - 2 curare-tipped darts
Armour
 b - a +0 troll leather armour (worn)
 c - a +0 cloak (worn)
Jewellery
 i - a ring of fire (left hand)
Wands
 j - a wand of flame (9) (quivered)
Scrolls
 g - a scroll of fog {unknown}
 k - a scroll of noise
 l - a scroll of teleportation {unknown}
Potions
 f - a potion of ambrosia
 h - a potion of magic {unknown}


   Skills:
 + Level 2.5 Fighting
 + Level 3.4 Short Blades
 + Level 2.0 Throwing
 + Level 2.3 Armour
 + Level 1.6 Dodging
 + Level 7.1 Stealth
 + Level 0.1 Evocations


You had 5 spell levels left.
You didn't know any spells.
Your spell library contained the following spells:

 Spells                   Type           Power      Damage    Failure   Level
 Sting                    Tmut/Pois      0%         1d3       41%         1
 Poisonous Vapours        Pois/Air       0%         N/A       56%         2
 Olgreb's Toxic Radiance  Pois           0%         N/A       99%         4


Dungeon Overview and Level Annotations

Branches:
Dungeon (3/15)

Altars:
Trog


Innate Abilities, Weirdness & Mutations

You have extremely sharp teeth.
Your natural rate of healing is unusually fast.
When hurt, damage is shared between your health and your magic reserves.
Your bite disrupts and absorbs the magic of your enemies.
Potions cannot restore your health.


Message History

The phantom is moderately damaged.
The gnoll hits you from afar with a +0 halberd.
You closely miss the phantom.
The phantom is moderately damaged.
The gnoll hits you but does no damage. The gnoll closely misses you.
The gnoll shaman calls upon its god to speed up something.
You hit the phantom.
The phantom is heavily damaged.
The phantom hits you. The gnoll barely misses you. The gnoll misses you.
You barely miss the phantom. You bite the phantom, but do no damage.
The phantom is heavily damaged.
The gnoll closely misses you. The phantom barely misses you.
You hit the phantom. You bite the phantom. You drain its power.
You feel invigorated.
The phantom is almost destroyed.
The gnoll misses you. The phantom hits you!
The phantom blinks!
You blink.
The orc throws a boomerang.
The boomerang barely misses you. The gnoll misses you. The phantom hits you.
The phantom blinks!
You blink.
The gnoll hits you with a +0 flail. The gnoll hits you with a +0 flail.
You hit the ice beast. Your bite misses the ice beast.
The ice beast is lightly wounded.
The gnoll hits you but does no damage. The ice beast misses you.
You hit the ice beast but do no damage. You bite the ice beast.
You drain its power.
You feel invigorated.
The ice beast is lightly wounded.
The gnoll barely misses you. x2
The ice beast hits you but does no damage.
You hit the ice beast.
The ice beast is moderately wounded.
The gnoll hits you with a +0 flail!
The gnoll hits you from afar with a +0 halberd.
The gnoll hits you with a +0 flail!
You hit the ice beast but do no damage. Your bite misses the ice beast.
The ice beast is moderately wounded.
The ice beast hits you. The ice beast freezes you!
You feel a terrible chill! The gnoll barely misses you.
The gnoll hits you from afar with a +0 halberd!
You die...

. .. .... .. #.#.#.# #.#.#.#
#.#### #..... ......## #...#
.......# #..g####### ..^....#
#.ggg@Y...#
..#....####.oW#####.#
............g.5.....####
........................#...
...####.....................
...!.ยงยง.####...####......^^#
.#.#######...............$..
#.#...#....:......^
#.#...#.(^.^^......


You could see a phantom, an ice beast, a gnoll shaman, 4 gnolls and an orc.

Vanquished Creatures
  Grinder (D:3)
  An ogre (D:3)
  2 adders (D:2)
  A gnoll (D:1)
  An adder skeleton (D:3)
  2 worms (D:3)
  5 dart slugs
  An orc (D:3)
  7 ball pythons
  2 bats
  6 endoplasms
  4 giant cockroaches
  4 goblins
  16 hobgoblins
  4 quokkas
  7 frilled lizards
  6 kobolds
  6 rats
76 creatures vanquished.

Vanquished Creatures (others)
  2 withered plants (D:1)
2 creatures vanquished.

Grand Total: 78 creatures vanquished

Notes
Turn   | Place    | Note
-------+----------+-------------------------------------------
     0 | D:1      | AlleluiaPinecone the Vine Stalker Brigand began the quest
                  | for the Orb.
     0 | D:1      | Reached XP level 1. HP: 11/11 MP: 2/2
   415 | D:1      | Reached skill level 5 in Stealth
   451 | D:1      | Reached XP level 2. HP: 15/15 MP: 3/3
   926 | D:1      | Found a faded altar of an unknown god.
   932 | D:1      | Reached XP level 3. HP: 7/18 MP: 2/4
  1777 | D:2      | Reached skill level 6 in Stealth
  2063 | D:2      | Gained mutation: Your natural rate of healing is unusually
                  | fast. [Vine Stalker growth]
  2063 | D:2      | Reached XP level 4. HP: 23/23 MP: 5/5
  2092 | D:2      | Reached skill level 1 in Dodging
  2628 | D:3      | Found a bloodstained altar of Trog.
  2886 | D:3      | Reached skill level 1 in Armour
  2954 | D:3      | Noticed an ogre
  2968 | D:3      | Killed an ogre
  2969 | D:3      | Reached XP level 5. HP: 27/27 MP: 4/6
  3152 | D:3      | Noticed Grinder
  3185 | D:3      | Killed Grinder
  3186 | D:3      | Reached skill level 7 in Stealth
  3186 | D:3      | Reached XP level 6. HP: 32/32 MP: 7/7
  3488 | D:3      | You fall into a shaft and drop 2 floors!
  3488 | D:5      | Entered Level 5 of the Dungeon
  3491 | D:5      | Noticed an ice beast
  3532 | D:5      | Slain by a gnoll

Illustrated notes

Levels and vault maps discovered:
D:1:      dpeg_arrival_round_b, layout_rooms, shapermc_ecumenical_altar_gd
D:2:      layout_loops_ring
D:3:      minmay_chambers_of_threes, layout_basic, mainiacjoe_overflow_catwalk,
          uniq_grinder
D:5:      layout_loops_cross, worldfamousw_hep_ancestral_shrine,
          kennysheep_decorative_pillar, minmay_holes

Skill      XL: |  1  2  3  4  5 |
---------------+----------------+-----
Stealth        | 5 6 7 |  7.1
Short Blades   | 2 3 |  3.4
Fighting       | 2 |  2.5
Throwing       | 2 |  2.0
Dodging        | 1 |  1.6
Armour         | 1 2 |  2.3
Evocations     | |  0.1

Action                   |  1- 3 |  4- 6 || total
-------------------------+-------+-------++-------
Melee: Dagger            |    93 |   133 ||   226
       Bite              |    18 |    37 ||    55
Evoke: Wand              |       |    15 ||    15
  Use: Scroll            |     2 |       ||     2
       Potion            |     2 |       ||     2
 Stab: Sleeping          |     9 |    10 ||    19
Armor: Robe              |    11 |       ||    11
       Leather armour    |     1 |     8 ||     9
       Troll leather arm |       |    23 ||    23
Dodge: Dodged            |    35 |    61 ||    96

Table legend: (Time is in decaauts)
 A = Elapsed time spent in this place.
 B = Non-inter-level travel time spent in this place.
 C = Inter-level travel time spent in this place.
 D = Time resting spent in this place.
 E = Time spent auto-exploring this place.
 F = Levels seen in this place.
 G = Mean time per level.
                   A        B        C        D        E       F      G
               +--------+--------+--------+--------+--------+-----+--------+
         Total |   3504 |   3448 |     56 |    601 |   2249 |   4 |  876.0 |
       Dungeon |   3504 |   3448 |     56 |    601 |   2249 |   4 |  876.0 |
               +--------+--------+--------+--------+--------+-----+--------+

Top non-repeatable levels by time:
     D:1: 1679 daAuts
     D:3: 965 daAuts
     D:2: 819 daAuts
     D:5: 41 daAuts
